 Dungeon Crawl Stone Soup version 0.21.1-1-g345015fe64 (webtiles) character file.

109 Revguard the Firebug (level 4, 0/31 HPs)
             Began as a Demonspawn Fire Elementalist on June 6, 2018.
             Succumbed to a kobold's poison
             ... on level 3 of the Dungeon.
             The game lasted 00:19:07 (3161 turns).

Revguard the Firebug (Demonspawn Fire Elementalist) Turns: 3161, Time: 00:19:08

Health: 0/31       AC:  6    Str: 14    XL:     4   Next: 59%
Magic:  7/7        EV: 12    Int: 17    God:
Gold:   136        SH:  0    Dex: 13    Spells: 1/7 levels left

rFire    . . .     SeeInvis .   l - +3 spear (pierce)
rCold    + . .     Gourm    .   (no shield)
rNeg     . . .     Faith    .   j - +1 leather armour
rPois    .         Spirit   +   h - +2 hat
rElec    .         Reflect  .   (no cloak)
rCorr    .         Harm     .   (no gloves)
MR       .....                  (no boots)
Stlth    ++........             (no amulet)
HPRegen  0.10/turn              c - ring of protection from cold
MPRegen  0.10/turn              (no ring)

@: mighty, lethally poisoned (0 -> -4), berserk cooldown, slowed, very slow
A: claws 1, magic shield, sturdy frame 1
a: no special abilities


You were on level 3 of the Dungeon.
You were not hungry.

You visited 1 branch of the dungeon, and saw 3 of its levels.

You collected 136 gold pieces.

Inventory:

Hand Weapons
 l - a +3 spear of piercing (weapon)
Armour
 a - a +0 robe
 h - a +2 hat (worn)
 j - a +1 leather armour (worn)
Jewellery
 c - a ring of protection from cold (left claw)
Scrolls
 e - a scroll of noise
Books
 b - a book of Flames

   Spells                             Type                      Level
   a - Flame Tongue                   Conjuration/Fire             1
   b - Throw Flame                    Conjuration/Fire             2
   c - Conjure Flame                  Conjuration/Fire             3
   d - Inner Flame                    Hexes/Fire                   3
   e - Sticky Flame                   Conjuration/Fire             4
   f - Fireball                       Conjuration/Fire             5
Comestibles
 q - a ration


   Skills:
 + Level 0.7 Fighting
 * Level 0.3 Polearms
 + Level 0.6 Armour
 + Level 2.1 Dodging
 - Level 2.0 Stealth
 - Level 1.1 Unarmed Combat
 + Level 2.4 Spellcasting
 + Level 1.0 Conjurations
 + Level 0.9 Hexes
 * Level 3.6 Fire Magic


You had one spell level left.
You knew the following spells:

 Your Spells              Type           Power        Failure   Level  Hunger
a - Flame Tongue          Conj/Fire      #....        8%          1    #......
b - Throw Flame           Conj/Fire      #.....       11%         2    ##.....
c - Inner Flame           Hex/Fire       #.......     22%         3    ###....


Dungeon Overview and Level Annotations

Branches:
Dungeon (3/15)

Altars:
Gozag
Vehumet

Annotations:
D:3 Bighouser's ghost, amateur HaHu


Innate Abilities, Weirdness & Mutations

You have sharp fingernails.
When hurt, damage is shared between your health and your magic reserves.
Your movements are slightly less encumbered by armour. (ER -2)


Message History

You feel a strong urge to attack something.
* * * LOW HITPOINT WARNING * * *
You feel sick.
You feel your anger nearly subside.
* * * LOW HITPOINT WARNING * * *
You feel sick.
You are no longer berserk.
You are exhausted.
You feel yourself slow down.
You feel very mighty all of a sudden.
* * * LOW HITPOINT WARNING * * *
You feel sick.
* * * LOW HITPOINT WARNING * * *
You feel sick.
* * * LOW HITPOINT WARNING * * *
You feel sick.
* * * LOW HITPOINT WARNING * * *
You feel sick.
Your magical contamination has completely faded away.
You die...

#.#####.#
##...##
#..(.##(#
#####
####.##(#
#(##(# #.##.#
#.##(#########
#.##(........#
#.##########.#
#.# #@# #.#
#.# #.# #.#
####.# #.#
##.##.# #.#
#.....#
#.######
##.####
#...[..# #.#
######<# ###
#)# #.# #..


There were no monsters in sight!

Vanquished Creatures
  Natasha (D:3)
  An adder (D:3)
  An ooze (D:1)
  A worm (D:2)
  3 dart slugs
  An orc (D:3)
  A ball python (D:1)
  3 bats
  9 giant cockroaches
  6 goblins
  7 hobgoblins
  4 jackals (D:3)
  2 quokkas (D:2)
  A frilled lizard (D:1)
  7 kobolds
  9 rats
57 creatures vanquished.

Vanquished Creatures (others)
  A bat (D:3)
1 creature vanquished.

Grand Total: 58 creatures vanquished

Notes
Turn   | Place    | Note
-------+----------+-------------------------------------------
     0 | D:1      | Revguard the Demonspawn Fire Elementalist began the quest for the Orb.
     0 | D:1      | Reached XP level 1. HP: 13/13 MP: 3/3
   173 | D:1      | Reached skill level 3 in Fire Magic
   347 | D:1      | Gained mutation: When hurt, damage is shared between your health and your magic reserves. [demonic ancestry]
   347 | D:1      | Reached XP level 2. HP: 19/19 MP: 0/5
   419 | D:1      | Learned a level 2 spell: Throw Flame
   719 | D:1      | Gained mutation: Your movements are slightly less encumbered by armour. (ER -2) [demonic ancestry]
   719 | D:1      | Reached XP level 3. HP: 11/25 MP: 0/6
  1018 | D:2      | Learned a level 3 spell: Inner Flame
  1041 | D:2      | Reached skill level 1 in Unarmed Combat
  2090 | D:3      | Noticed Natasha
  2102 | D:3      | Killed Natasha
  2102 | D:3      | Gained mutation: You have sharp fingernails. [demonic ancestry]
  2102 | D:3      | Reached XP level 4. HP: 14/31 MP: 0/7
  2635 | D:3      | Found a radiant altar of Vehumet.
  2653 | D:3      | Noticed Bighouser's ghost (amateur HaHu)
  2655 | D:3      | Found an opulent altar of Gozag.
  3158 | D:3      | HP: 1/31 [poisoned by a kobold]
  3161 | D:3      | Succumbed to a kobold's poison

Skill      XL: |  1  2  3 |
---------------+----------+-----
Fire Magic     | 3 |  3.6
Dodging        | 2 |  2.1
Stealth        | 2 |  2.0
Unarmed Combat | 1 |  1.1
Fighting       | |  0.7
Polearms       | |  0.3
Armour         | |  0.6
Spellcasting   | |  2.4
Conjurations   | |  1.0
Hexes          | |  0.9

Action                   |  1- 3 |  4- 6 || total
-------------------------+-------+-------++-------
Melee: Unarmed           |   129 |       ||   129
       Spear             |    15 |    34 ||    49
 Cast: Flame Tongue      |    48 |    11 ||    59
       Throw Flame       |     3 |     7 ||    10
       Inner Flame       |     3 |     2 ||     5
  Use: Scroll            |       |     7 ||     7
       Potion            |       |     4 ||     4
 Stab: Distracted        |     1 |       ||     1
  Eat: Ration            |     2 |     1 ||     3
       Chunk             |       |     1 ||     1
Armor: Robe              |    18 |       ||    18
       Leather armour    |    21 |    11 ||    32
Dodge: Dodged            |    91 |    28 ||   119
